 Dungeon Crawl Stone Soup version 0.25.0-9-g26727b657a (webtiles) character file.

Game seed: 7040268338920211747

205776 Matador8 the Warrior (level 18, -6/152 HPs)
             Began as a Yellow Draconian Fire Elementalist on June 16, 2020.
             Was a High Priest of Hepliaklqana.
             Collided with some deep water (8 damage)
             ... caused by a swamp worm
             ... called by a spriggan druid
             ... on level 3 of the Swamp on June 19, 2020.
             The game lasted 04:58:59 (44744 turns).

Matador8 the Warrior (DrFE)                        Turns: 44744, Time: 04:59:03

Health: -6/152     AC: 15    Str: 12    XL:     18   Next: 42%
Magic:  31/39      EV: 16    Int: 21    God:    Hepliaklqana [*****.]
Gold:   2169       SH:  8    Dex: 13    Spells: 14/34 levels left

rFire    . . .     SeeInvis .   L - +2 demon trident (venom)
rCold    + . .     Gourm    .   R - +3 buckler of Cowardice {rC+}
rNeg     . . .     Faith    .   (armour unavailable)
rPois    +         Spirit   .   (helmet restricted)
rElec    .         Reflect  .   O - +2 cloak
rCorr    +         Harm     .   k - +0 pair of gloves
MR       +....                  n - +0 pair of boots
Stlth    +++.......             E - amulet of regeneration
HPRegen  0.75/turn              j - ring of poison resistance
MPRegen  0.26/turn              w - ring of magical power

@: short of breath, very slightly contaminated
A: spit acid, unfitting armour, reduced essence, acidic bite, cold-blooded, acid
resistance, AC +10
a: Breathe Acid, Recall Ancestor, Ancestor Identity, Transference, Idealise,
Renounce Religion


You were on level 3 of the Swamp.
You worshipped Hepliaklqana.
Hepliaklqana was extremely pleased with you.
You were hungry.

You visited 5 branches of the dungeon, and saw 27 of its levels.
You also visited: Bailey and Ice Cave.

You collected 2440 gold pieces.
You spent 271 gold pieces at shops.

Inventory:

Hand Weapons
 L - a +2 demon trident of venom (weapon)
Missiles
 x - 16 curare-tipped darts (quivered)
Armour
 k - a +0 pair of gloves (worn)
 n - a +0 pair of boots (worn)
 O - a +2 cloak (worn)
 R - the +3 buckler of Cowardice (worn) {rC+}
   (You found it on level 5 of the Lair of Beasts)

   It protects you from cold.
Jewellery
 j - a ring of poison resistance (left hand)
 w - a ring of magical power (right hand)
 A - an uncursed ring of see invisible
 D - an uncursed amulet of reflection
 E - an amulet of regeneration (around neck)
 S - an uncursed ring of protection from magic
 Y - a +6 ring of strength
Wands
 I - a wand of clouds (3)
 K - a wand of acid (24)
 U - a wand of iceblast (8)
Scrolls
 a - a scroll of enchant weapon {unknown}
 d - 6 scrolls of teleportation
 h - a scroll of enchant armour
 m - 3 scrolls of fear
 p - 2 scrolls of identify
 t - 3 scrolls of blinking
 C - 4 scrolls of magic mapping
 F - a scroll of summoning {unknown}
 G - a scroll of silence {unknown}
 J - a scroll of torment {unknown}
 Q - 2 scrolls of vulnerability {unknown}
 T - 4 scrolls of remove curse
 W - 2 scrolls of holy word {unknown}
 Z - a scroll of fog {unknown}
Potions
 c - 3 potions of flight
 e - a potion of resistance {unknown}
 f - 4 potions of stabbing
 g - 2 potions of haste
 i - 14 potions of curing
 u - 3 potions of cancellation
 v - a potion of invisibility {unknown}
 z - 2 potions of magic
 B - a potion of brilliance {unknown}
 M - a potion of might
 P - 3 potions of ambrosia {unknown}
Miscellaneous
 r - a phantom mirror
 V - a box of beasts
Comestibles
 b - 25 rations
 l - a chunk of flesh


   Skills:
 - Level 17.0 Fighting
 + Level 12.1 Polearms
 - Level 7.6 Dodging
 - Level 6.0 Stealth
 - Level 4.0 Shields
 - Level 8.5 Spellcasting
 - Level 12.0 Conjurations
 - Level 2.0 Hexes
 - Level 3.4 Translocations
 - Level 3.6 Transmutations
 - Level 12.0 Fire Magic
 - Level 3.6 Earth Magic
 - Level 10.7 Invocations
 - Level 7.2 Evocations


You had 14 spell levels left.
You knew the following spells:

 Your Spells              Type           Power        Failure   Level  Hunger
a - Foxfire               Conj/Fire      ####         1%          1    None
b - Conjure Flame         Conj/Fire      ######..     1%          3    None
c - Passwall              Tmut/Erth      ###.....     2%          2    None
d - Inner Flame           Hex/Fire       #####...     1%          3    None
e - Sticky Flame          Conj/Fire      ######..     1%          4    ###....
f - Fireball              Conj/Fire      ######....   1%          5    #####..
g - Blink                 Tloc           N/A          2%          2    None

Your spell library contained the following spells:

 Spells                   Type           Power        Failure   Level  Hunger
 Magic Dart               Conj           ####         1%          1    None
 Sandblast                Erth           ###...       1%          1    None
 Dazzling Flash           Conj/Hex       #####.       1%          3    None
 Stone Arrow              Conj/Erth      #####.       1%          3    None
 Corona                   Hex            ###....      3%          1    None
 Slow                     Hex            ###.....     4%          2    None
 Mephitic Cloud           Conj/Pois/Air  ####....     4%          3    None
 Summon Small Mammal      Summ           #...         8%          1    None
 Ensorcelled Hibernation  Hex/Ice        ##....       8%          2    None
 Confusing Touch          Hex            ###.....     10%         3    None
 Tukima's Dance           Hex            ###.....     10%         3    None
 Call Imp                 Summ           #.......     12%         2    None
 Summon Guardian Golem    Hex/Summ       ##......     16%         3    None
 Petrify                  Tmut/Erth      ###.....     17%         4    ###....
 Call Canine Familiar     Summ           #.......     22%         3    None
 Ice Form                 Ice/Tmut       ###.....     34%         4    ###....
 Lee's Rapid Deconstruct  Erth           ###.......   43%         5    #####..
 Summon Ice Beast         Ice/Summ       #.......     58%         4    ###....
 Summon Lightning Spire   Summ/Air       #.......     58%         4    ###....
 Metabolic Englaciation   Hex/Ice        ##........   80%         5    #####..
 Freezing Cloud           Conj/Ice/Air   ####......   92%         6    ######.
 Ozocubu's Refrigeration  Ice            #.........   100%        6    ######.
 Simulacrum               Ice/Necr       #.........   100%        6    ######.


Dungeon Overview and Level Annotations

Branches:
Dungeon (15/15)            Temple (0/1) D:7            Lair (6/6) D:8
  Swamp (3/4) Lair:4        Snake (1/4) Lair:4        Slime (0/5) Lair:5
    Orc (2/2) D:10            Elf (0/3) Orc:2        Vaults (0/5) D:13
 Bailey (visited)           IceCv (visited)
 Depths: D:15

Altars:
Cheibriados
Dithmenos
Elyvilon
Fedhas
Gozag
Hepliaklqana
Kikubaaqudgha
Makhleb
Qazlal
Trog
Wu Jian
Xom
Zin
The Shining One
Jiyva

Shops:
D:6 *   Orc:2 [(*:

Portals:
Trove: D:12 (give 4 scrolls of fog)

Annotations:
D:1 Terence
D:6 2 transporters
D:9 3 runed translucent doors, Skimidon's ghost, journeyman MiBe
D:13 exclusions: ice statue and orange crystal statue
D:15 exclusion: door


Innate Abilities, Weirdness & Mutations

You can spit globs of acid.
Your golden yellow scales are hard. (AC +10)
You cannot fit into any form of body armour.
You have acidic saliva.
You are cold-blooded and may be slowed by cold attacks.
You are resistant to acid. (rCorr)
Your life essence is reduced to manifest your ancestor. (-10% HP)


Message History

Press: ? - help, Dir - move target cursor, p - six-headed hydra You are very lightly contaminated with residual magic.
As you read the scroll of blinking, it crumbles to dust.
A swamp drake comes into view.
The swamp drake roars!
The six-headed hydra burns!
The swamp worm fires a harpoon shot at you.
The harpoon shot hits you!
* * * LOW HITPOINT WARNING * * *
You are yanked forward by the harpoon shot.
You violently stop moving!
* * * LOW HITPOINT WARNING * * *
The swamp drake moves out of view.
The six-headed hydra burns!
The swamp worm fires a harpoon shot at you.
The harpoon shot hits you!
* * * LOW HITPOINT WARNING * * *
You are yanked forward by the harpoon shot.
You violently stop moving!
You die...

... ♣.≈. ♣..≈≈
♣♣♣♣♣♣..≈≈≈
♣♣.♣≈.≈≈†...
♣≈.<≈≈≈≈≈≈≈§ ≈..
♣♣♣§≈≈≈≈§≈≈≈≈≈ ≈≈≈$≈/
♣...≈.≈♣≈.≈≈♣♣
≈≈≈..≈.♣♣≈≈.≈@..♣.≈§..
.≈♣^≈..♣.≈≈.≈≈≈.≈§§≈y≈
.≈.(≈≈♣.......≈≈♣♣♣♣.≈
♣. ≈≈.≈≈≈♣.♣≈≈≈≈.♣♣♣ ≈
.. ♣≈.≈≈≈....♣.§♣♣ ≈≈
≈≈.≈≈≈≈..Dw.♣♣ ≈.
..........§♣♣ ..
..♣≈≈≈≈≈...♣ ≈.
...§§§♣≈..♣♣


You could see a six-headed hydra (strong, burning, corroded), a swamp worm
(strong, corroded) and a hornet (wandering).

Vanquished Creatures
  A thorn hunter (Swamp:3)
  Donald (Orc:2)
  An orc warlord (Orc:2)
  A reaper (IceCv)
  A very ugly thing (Swamp:3)
  Azrael (D:13)
  Fannar (Lair:3)
  11 hydras
  A naga warrior (Snake:1)
  6 vault guards
  A shambling mangrove (Swamp:1)
  6 ghost crabs
  6 two-headed ogres
  7 alligators
  2 centaur warriors
  An ogre mage (D:14)
  4 death yaks
  A tengu warrior (D:15)
  Urug (D:10)
  A spriggan druid (Swamp:3)
  4 swamp dragons
  A lindwurm (Lair:5)
  2 orc knights
  2 ugly things
  6 manticores
  7 orc sorcerers
  3 deep elf magi
  A necromancer (Lair:4)
  2 cyclopes
  5 elephants
  A torpor snail (Lair:4)
  5 black mambas
  2 ice statues (IceCv)
  2 gargoyles (D:11)
  10 spiny frogs
  4 rime drakes (Lair:6)
  6 komodo dragons
  8 ice devils (IceCv)
  A tengu conjurer (D:13)
  7 trolls
  3 meliai
  6 tyrant leeches
  A queen bee (Lair:4)
  A polar bear (Lair:5)
  14 hornets
  7 blink frogs
  5 bog bodies
  7 slime creatures
  A dream sheep (Lair:6)
  6 hippogriffs
  14 spriggans
  A vampire (D:14)
  A shadow (D:15)
  24 yaks
  4 wyverns
  A hungry ghost (D:15)
  10 vampire mosquitoes
  2 fire elementals
  3 basilisks
  An acid dragon (D:12)
  A naga (Snake:1)
  9 swamp worms
  2 hell hounds (D:13)
  A soldier ant (D:8)
  4 wargs
  2 porcupines
  4 water moccasins
  3 ice beasts
  29 orc warriors
  5 swamp drakes
  2 sky beasts
  An elephant zombie (Lair:4)
  2 phantoms
  4 boggarts (Lair:6)
  12 wolves
  3 necrophages
  9 ogres
  18 centaurs
  9 crocodiles
  A big kobold (D:14)
  9 bullfrogs
  2 wyvern zombies
  3 scorpions
  15 killer bees
  A howler monkey (D:10)
  An electric eel (Lair:4)
  5 hexers
  2 centaur zombies
  2 crimson imps (D:10)
  A quasit (D:8)
  9 centaur skeletons
  3 hounds
  10 orc priests
  5 jellies
  6 orc wizards
  A basilisk zombie (Lair:4)
  Natasha (D:3)
  8 worker ants
  A howler monkey skeleton (D:7)
  4 gnolls
  7 adders
  4 shadow imps
  3 white imps (IceCv)
  An ooze (D:2)
  5 ufetubi (IceCv)
  2 worms
  3 dart slugs
  6 leopard geckos
  62 orcs
  4 giant cockroaches
  7 goblins
  6 hobgoblins
  2 jackals (D:5)
  17 kobolds
  2 bats
  8 frilled lizards
  A leopard gecko zombie (D:8)
  A quokka skeleton (D:4)
  6 rats
  A fungus (Lair:6)
604 creatures vanquished.

Vanquished Creatures (collateral kills)
  A tentacled monstrosity (Swamp:2)
  5 slime creatures
  3 vault guards
  A hydra (Swamp:1)
  A shambling mangrove (Swamp:2)
  2 death yaks
  5 alligators
  3 two-headed ogres
  2 orc high priests (Orc:2)
  A spriggan druid (Swamp:2)
  2 unseen horrors (D:11)
  A wizard (D:14)
  2 swamp dragons
  An orc knight (Orc:2)
  Maurice (D:9)
  A black mamba (Lair:1)
  5 spiny frogs
  A torpor snail (Lair:6)
  A centaur skeleton (D:14)
  2 komodo dragons
  3 rime drakes (Lair:6)
  5 hornets
  3 polar bears
  3 tyrant leeches (Swamp:1)
  4 bog bodies
  5 hippogriffs
  2 trolls
  5 blink frogs
  3 shadows
  9 spriggans
  2 wraiths
  2 wyverns
  A fire elemental (D:13)
  12 yaks
  2 vampire mosquitoes
  2 basilisks
  6 water moccasins
  A hell hound (D:13)
  An acid dragon (D:11)
  A naga (Snake:1)
  2 porcupines
  3 black bears (Lair:6)
  16 orc warriors
  An elephant zombie (Lair:4)
  A sky beast (D:14)
  3 swamp drakes
  An ice beast (D:8)
  An eye of draining (D:12)
  An ogre (shapeshifter) (D:14)
  A phantom (D:12)
  8 ogres
  A boggart (Lair:6)
  6 wolves
  5 centaurs
  5 crocodiles
  5 bullfrogs
  2 big kobolds
  A scorpion (D:6)
  12 killer bees
  2 howler monkeys
  4 crimson imps
  A bullfrog zombie (D:8)
  3 hounds
  A jelly (D:7)
  2 orc priests
  4 iguanas
  6 orc wizards
  Natasha (D:3)
  4 worker ants
  A howler monkey zombie (D:9)
  2 worker ant zombies
  An adder (D:10)
  4 gnolls
  3 white imps (IceCv)
  A dart slug (D:2)
  2 leopard geckos
  27 orcs
  8 jackals
  2 kobolds
  A rat (D:3)
  A fungus (Lair:5)
269 creatures vanquished.

Vanquished Creatures (others)
  An alligator (Swamp:2)
  A troll (D:10)
  A slime creature (Swamp:2)
  A hell hound (D:13)
  Blork the orc (D:6)
  55 hexers
  5 white imps (IceCv)
  4 ufetubi (IceCv)
  4 ancestors
  551 foxfires
  10 fungi
  A plant (Lair:1)
635 creatures vanquished.

Grand Total: 1508 creatures vanquished

Notes
Turn   | Place    | Note
-------+----------+-------------------------------------------
     0 | D:1      | Matador8 the Draconian Fire Elementalist began the quest
                  | for the Orb.
     0 | D:1      | Reached XP level 1. HP: 14/14 MP: 3/3
   376 | D:1      | Reached XP level 2. HP: 20/20 MP: 3/5
   641 | D:1      | You fall into a shaft and drop 1 floor!
   764 | D:2      | Found a shimmering altar of Xom.
   769 | D:2      | Found a shimmering altar of Xom.
   769 | D:2      | Found a shimmering altar of Xom.
   981 | D:2      | Found a shimmering altar of Xom.
   983 | D:2      | Found a shimmering altar of Xom.
  1036 | D:2      | Found an opulent altar of Gozag.
  1098 | D:2      | Noticed Terence
  1219 | D:2      | Reached XP level 3. HP: 25/26 MP: 6/6
  1743 | D:3      | Found a hazy altar of Hepliaklqana.
  1761 | D:3      | Found a shadowy altar of Dithmenos.
  1761 | D:3      | Noticed a shadow
  1791 | D:3      | Became a worshipper of Hepliaklqana the Forgotten
  1929 | D:3      | Reached XP level 4. HP: 13/29 MP: 4/7
  2143 | D:3      | Found a snail-covered altar of Cheibriados.
  2410 | D:3      | Found a stormy altar of Qazlal.
  2480 | D:3      | Noticed Natasha
  2491 | D:3      | Killed Natasha
  2582 | D:3      | Found an ancient bone altar of Kikubaaqudgha.
  2601 | D:3      | Noticed Natasha
  2608 | D:3      | Killed Natasha
  2608 | D:3      | Reached XP level 5. HP: 25/34 MP: 5/9
  2762 | D:4      | Reached skill level 1 in Invocations
  2813 | D:4      | Noticed an ogre
  2828 | D:4      | Killed an ogre
  2864 | D:4      | Reached XP level 6. HP: 32/40 MP: 2/10
  3187 | D:4      | Found a burning altar of Makhleb.
  3287 | D:4      | Reached skill level 5 in Fire Magic
  3361 | D:4      | Found a bloodstained altar of Trog.
  3369 | D:4      | Got an iridescent dagger
  3372 | D:4      | Reached * piety under Hepliaklqana
  3933 | D:5      | Entered Level 5 of the Dungeon
  4009 | D:5      | Your scales start taking on a golden yellow colour.
  4009 | D:5      | Reached XP level 7. HP: 45/45 MP: 11/11
  4009 | D:5      | Gained mutation: You are resistant to acid. (rCorr) [Yellow
                  | Draconian growth]
  4249 | D:5      | Found a white marble altar of Elyvilon.
  4252 | D:5      | Found an ornate altar of the Wu Jian Council.
  4654 | D:5      | Reached skill level 5 in Conjurations
  4828 | D:5      | Identified the cursed +1 dagger of Karma {vorpal, *Corrode
                  | rPois rC+} (You found it on level 4 of the Dungeon)
  4959 | D:6      | Learned a level 3 spell: Conjure Flame
  5050 | D:6      | Noticed Blork the orc
  5072 | D:6      | Killed Blork the orc
  5301 | D:6      | Found a glowing silver altar of Zin.
  5337 | D:6      | Reached XP level 8. HP: 47/51 MP: 14/14
  5365 | D:6      | Reached ** piety under Hepliaklqana
  5366 | D:6      | Remembered your ancestor Tihomir as a hexer
  5382 | D:6      | Reached skill level 5 in Invocations
  5405 | D:6      | Found a transporter.
  5413 | D:6      | Noticed a kobold demonologist
  5422 | D:6      | Found a transporter.
  5446 | D:6      | Reached skill level 1 in Fighting
  5454 | D:6      | Found Nasurch's General Store.
  5509 | D:6      | Bought a scroll of identify for 26 gold pieces
  5509 | D:6      | Bought a scroll of identify for 26 gold pieces
  5509 | D:6      | Bought a potion of curing for 39 gold pieces
  5984 | D:7      | Found a blossoming altar of Fedhas.
  6106 | D:7      | Reached skill level 2 in Fighting
  6328 | D:7      | Reached skill level 3 in Fighting
  6616 | D:7      | Got a pitted turquoise ring
  6696 | D:7      | Noticed a hippogriff
  6719 | D:7      | Killed a hippogriff
  6719 | D:7      | Reached skill level 4 in Fighting
  6719 | D:7      | Reached skill level 1 in Polearms
  7134 | D:7      | Found a staircase to the Ecumenical Temple.
  7403 | D:8      | Reached skill level 5 in Fighting
  7530 | D:8      | Noticed a two-headed ogre
  7536 | D:8      | Killed a two-headed ogre
  7536 | D:8      | Reached skill level 6 in Fighting
  7536 | D:8      | Reached XP level 9. HP: 70/70 MP: 16/16
  7659 | D:8      | Reached skill level 5 in Polearms
  7722 | D:8      | Reached skill level 7 in Fighting
  7726 | D:8      | Learned a level 2 spell: Passwall
  8077 | D:8      | Reached skill level 1 in Transmutations
  8077 | D:8      | Reached skill level 1 in Earth Magic
  8243 | D:8      | Found a staircase to the Lair.
  8243 | D:8      | Noticed an elephant
  8259 | D:8      | Killed an elephant
  8286 | D:8      | Reached *** piety under Hepliaklqana
  8515 | D:9      | Learned a level 3 spell: Inner Flame
  8592 | D:9      | Noticed a troll
  8598 | D:9      | Killed a troll
  8598 | D:9      | Reached XP level 10. HP: 23/77 MP: 17/17
  8860 | D:9      | Found a runed translucent gate.
  8860 | D:9      | Found a runed translucent gate.
  8860 | D:9      | Found a runed translucent gate.
  8862 | D:9      | Noticed Skimidon's ghost (journeyman MiBe)
  8862 | D:9      | Identified the +12 dagger of Zawuepel {chaos, MP+9 Dex+2
                  | SInv}
  8872 | D:9      | Identified the ring of Wisdom {+Fly rElec rC+ Str+4 Int-2}
                  | (You found it on level 7 of the Dungeon)
  8886 | D:9      | Noticed Maurice
  8939 | D:8      | Reached skill level 1 in Hexes
  9591 | Lair:1   | Entered Level 1 of the Lair of Beasts
  9606 | Lair:1   | Noticed a black mamba
  9615 | Lair:1   | Killed a black mamba
  9779 | Lair:1   | You fall into a shaft and drop 1 floor!
  9815 | Lair:1   | You fall into a shaft and drop 1 floor!
  9956 | Lair:2   | Reached skill level 8 in Fighting
 10081 | Lair:2   | Learned a level 4 spell: Sticky Flame
 10132 | Lair:2   | Noticed a black mamba
 10147 | Lair:2   | Killed a black mamba
 10248 | Lair:2   | Reached **** piety under Hepliaklqana
 10268 | Lair:2   | Noticed a spiny frog
 10276 | Lair:2   | Killed a spiny frog
 10666 | Lair:2   | Noticed a spiny frog
 10680 | Lair:2   | Killed a spiny frog
 10726 | Lair:2   | Reached skill level 9 in Fighting
 11610 | D:9      | Got a bloodstained dagger
 11612 | D:9      | Identified the +5 dagger of the Saving Scavenger {flame,
                  | MR+} (You found it on level 9 of the Dungeon)
 11716 | D:9      | Killed Maurice
 11716 | D:9      | Reached skill level 10 in Fighting
 11719 | D:9      | Reached XP level 11. HP: 87/89 MP: 18/18
 11862 | D:10     | Entered Level 10 of the Dungeon
 12139 | D:10     | Noticed Urug
 13233 | Lair:1   | Learned a level 5 spell: Fireball
 13313 | Lair:1   | Noticed a six-headed hydra
 13328 | Lair:1   | Killed a six-headed hydra
 13344 | Lair:1   | Reached ***** piety under Hepliaklqana
 13771 | Lair:1   | Got a masterwork whip
 13778 | Lair:1   | Identified the cursed +0 whip of Abomination {flame, *Drain
                  | rPois MP+9} (You found it on level 1 of the Lair of Beasts)
 14866 | Lair:3   | Noticed Fannar
 14897 | Lair:3   | Killed Fannar
 14897 | Lair:3   | Reached XP level 12. HP: 95/95 MP: 15/19
 15543 | Lair:3   | Reached skill level 10 in Fire Magic
 15901 | Lair:3   | Reached skill level 10 in Conjurations
 16122 | Lair:3   | Reached skill level 5 in Dodging
 16527 | Lair:4   | Noticed a four-headed hydra
 16530 | Lair:4   | Noticed a death yak
 16533 | Lair:4   | Noticed a death yak
 16548 | Lair:3   | Killed a four-headed hydra
 17297 | Lair:4   | Noticed a seven-headed hydra
 17380 | Lair:4   | Noticed a death yak
 17404 | Lair:4   | Killed a death yak
 17459 | Lair:4   | Reached skill level 1 in Evocations
 17488 | Lair:4   | Noticed a death yak
 17696 | Lair:3   | Killed a death yak
 17704 | Lair:3   | Killed a death yak
 18039 | Lair:3   | Killed a seven-headed hydra
 19244 | Lair:4   | Reached skill level 5 in Spellcasting
 19398 | Lair:4   | Found a staircase to the Snake Pit.
 19631 | Lair:4   | Found a staircase to the Swamp.
 20372 | Lair:4   | Killed a death yak
 20875 | Lair:5   | Reached XP level 13. HP: 91/101 MP: 21/21
 20982 | Lair:5   | Got an ichor-stained buckler
 20999 | Lair:5   | Identified the +3 buckler of Cowardice {rC+} (You found it
                  | on level 5 of the Lair of Beasts)
 21232 | Lair:5   | Reached skill level 1 in Shields
 22285 | Lair:5   | Found a viscous altar of Jiyva.
 22286 | Lair:5   | Found a staircase to the Slime Pits.
 22533 | Lair:6   | Entered Level 6 of the Lair of Beasts
 22917 | Lair:6   | Reached ****** piety under Hepliaklqana
 23013 | Lair:6   | Found a dark tunnel.
 23672 | Lair:6   | Reached skill level 11 in Fighting
 25704 | Lair:6   | Gained mutation: You have acidic saliva. [Yellow Draconian
                  | growth]
 25704 | Lair:6   | Reached XP level 14. HP: 77/112 MP: 24/24
 26611 | D:8      | Learned a level 2 spell: Blink
 26763 | D:10     | Killed Urug
 26763 | D:10     | Reached skill level 12 in Fighting
 26763 | D:10     | Reached skill level 1 in Translocations
 27505 | D:10     | Found a staircase to the Orcish Mines.
 31808 | D:12     | Found a portal to a secret trove of treasure.
 31969 | Orc:1    | Entered Level 1 of the Orcish Mines
 32058 | Orc:1    | Found a frozen archway.
 32089 | IceCv    | Entered an ice cave
 32666 | IceCv    | Noticed a reaper
 32675 | IceCv    | Killed a reaper
 33240 | Orc:2    | Entered Level 2 of the Orcish Mines
 33240 | Orc:2    | Found Mehuamym's General Store.
 34215 | Orc:2    | Noticed Donald
 34226 | Orc:2    | Killed Donald
 34304 | Orc:2    | Found Leryu's Antique Armour Emporium.
 34325 | Orc:2    | Found Evvufoes's Antique Weapon Shop.
 34418 | Orc:2    | Noticed an orc warlord
 34443 | Orc:2    | Killed an orc warlord
 34443 | Orc:2    | Reached XP level 15. HP: 65/118 MP: 27/27
 34487 | Orc:2    | Found Vishrued's Book Boutique.
 34513 | Orc:2    | Bought a ration for 75 gold pieces
 34513 | Orc:2    | Bought a ration for 75 gold pieces
 34513 | Orc:2    | Bought a scroll of identify for 30 gold pieces
 34717 | Orc:2    | Found a staircase to the Elven Halls.
 35694 | D:13     | Found a gate to the Vaults.
 36051 | D:13     | Reached skill level 10 in Polearms
 36310 | D:13     | Found a glowing golden altar of the Shining One.
 36402 | D:13     | Noticed Azrael
 36752 | D:13     | Killed Azrael
 36998 | D:14     | Paralysed by a wizard for 2 turns
 37088 | D:14     | Found a flagged portal.
 37138 | Bailey   | Entered a bailey
 38468 | D:15     | Entered Level 15 of the Dungeon
 38468 | D:15     | Found an ornate altar of the Wu Jian Council.
 38478 | D:15     | Reached skill level 10 in Invocations
 38796 | D:15     | Reached skill level 14 in Fighting
 38796 | D:15     | Reached XP level 16. HP: 131/131 MP: 28/28
 39485 | D:8      | Reached skill level 16 in Fighting
 39485 | D:8      | Reached XP level 17. HP: 143/143 MP: 29/29
 39588 | Swamp:1  | Entered Level 1 of the Swamp
 40063 | Swamp:1  | Reached skill level 17 in Fighting
 40547 | Swamp:1  | Reached skill level 5 in Stealth
 40666 | Swamp:1  | Reached skill level 5 in Evocations
 41015 | Swamp:1  | Reached XP level 18. HP: 94/152 MP: 30/30
 41902 | Swamp:2  | Noticed a tentacled monstrosity
 42075 | Snake:1  | Entered Level 1 of the Snake Pit
 42952 | Swamp:2  | Killed a tentacled monstrosity
 44744 | Swamp:3  | HP: 2/152 [swamp worm/harpoon shot[a spriggan druid] (12)]
 44744 | Swamp:3  | Collided with some deep water

Illustrated notes

Levels and vault maps discovered:
D:1:      dpeg_arrival_boxorama, layout_basic, minmay_hedge_maze,
          minmay_misc_feat_rows
D:2:      layout_loops_ring, grunt_gozag_statues, xom_redecorated, uniq_terence
D:3:      layout_rooms, riverfiend_overflow_shadow_ancestor,
          lemuel_doored_altar, nicolae_qazlal_general_emergency,
          lemuel_coloured_pillars_altar, first_ration, uniq_natasha
D:4:      layout_basic, nicolae_overflow_hidden_temple, bloody_trog
D:5:      layout_loops_ring, grunt_temple_overflow_open, nrook_campfire,
          kennysheep_another_room, minivault_27
D:6:      gammafunk_wand_slinger, layout_basic, lemuel_crystal_altar,
          serial_shops, nicolae_shop_waterfront, st_stairs_11,
          uniq_blork_the_orc
D:7:      layout_loops_corners, fedhas_altar_4, minmay_temple_entry_poolview
D:8:      layout_loops_ring, david_lair_generic, the_bakery
D:9:      layout_small_grid, gammafunk_ghost_nasty_kobolds, uniq_maurice
D:10:     layout_loops_ring, erik_orc_1, uniq_urug
D:11:     layout_rooms
D:12:     layout_basic, enter_trove_5
D:13:     layout_roguey, erik_vaults_2, basic_altar, david_greed, uniq_azrael
D:14:     layout_roguey, enter_bailey_7, nicolae_twisting_strands
D:15:     grunt_enter_depths_magical_seal, layout_cave_pools,
          minmay_misc_feat_tiny, basic_altar
Lair:1:   layout_cave_pods, beast_lair_carwin_6, grunt_megastairs_3
Lair:2:   layout_gridlike, serial_bayou_shore_b
Lair:3:   layout_chaotic_city, pond, uniq_fannar
Lair:4:   pond_and_an_island_with_a_cottage, layout_small_grid,
          minmay_swamp_entry_worms, dummy_snake_entry, special_room
          [special_room_bee], grunt_forest_small_clearing_treed
Lair:5:   layout_cave_pods, dpeg_slime_entry_enclosed_altar
Lair:6:   minmay_lair_end_enchanted_forest, layout_hall_layers, enter_volcano_2,
          special_room [special_room_mythical_zoo], lemuel_fruit_fields
Swamp:1:  layout_falls_marsh, infiniplex_staircase_pool_2
Swamp:2:  layout_falls_marsh, evilmike_swamp_ruin_house_6
Swamp:3:  gammafunk_its_a_trap, layout_falls_marsh, evilmike_swamp_ruin_house_2
Snake:1:  layout_grid_shapes
Orc:1:    nicolae_orc_accident_1, layout_caves, portal_ice_cave_entry_pillars_1
Orc:2:    grunt_orc_gardens, layout_caves, grunt_orc_garden, grunt_orc_garden,
          grunt_orc_garden, grunt_orc_garden, uniq_donald

Skill      XL: |  1  2  3  4  5  6  7  8  9 10 11 12 13 14 15 16 17 18 |
---------------+-------------------------------------------------------+-----
Conjurations   | 2 3 4 5 6 9 10 11 12 | 12.0
Fire Magic     | 4 5 6 9 10 11 12 | 12.0
Invocations    | 1 2 4 5 7 10 | 10.7
Spellcasting   | 3 4 5 7 8 |  8.5
Fighting       | 6 7 10 11 12 14 16 17 | 17.0
Polearms       | 4 5 7 10 12 | 12.1
Transmutations | 3 |  3.6
Earth Magic    | 3 |  3.6
Dodging        | 2 4 6 7 |  7.6
Hexes          | 2 |  2.0
Stealth        | 4 5 6 |  6.0
Evocations     | 4 5 7 |  7.2
Shields        | 4 |  4.0
Translocations | 3 |  3.4

Action                   |  1- 3 |  4- 6 |  7- 9 | 10-12 | 13-15 | 16-18 || total
-------------------------+-------+-------+-------+-------+-------+-------++-------
Melee: Dagger            |    91 |    25 |    61 |       |       |       ||   177
       Tailslap          |    15 |     4 |    23 |    68 |   173 |    55 ||   338
       Trident           |       |       |   103 |   613 |   997 |       ||  1713
       Demon trident     |       |       |       |       |   493 |   415 ||   908
       Bite              |       |       |       |       |    99 |    48 ||   147
 Cast: Foxfire           |    43 |    66 |    93 |    69 |    54 |    10 ||   335
       Conjure Flame     |       |       |     6 |     3 |       |       ||     9
       Passwall          |       |       |     2 |       |     1 |       ||     3
       Inner Flame       |       |       |     1 |       |       |       ||     1
       Sticky Flame      |       |       |       |    24 |    58 |    23 ||   105
       Fireball          |       |       |       |     9 |    44 |    19 ||    72
Invok: Ancestor Identity |     1 |       |       |       |       |       ||     1
       Ancestor Life: He |       |       |     1 |       |       |       ||     1
       Recall Ancestor   |       |       |       |     4 |       |     2 ||     6
       Idealise          |       |       |       |     3 |     8 |     5 ||    16
 Abil: Breathe Acid      |       |       |     6 |    35 |    87 |    35 ||   163
Evoke: Wand              |       |       |       |       |     1 |       ||     1
  Use: Scroll            |       |       |     9 |    11 |     9 |     4 ||    33
       Potion            |       |       |       |     5 |     5 |     2 ||    12
 Stab: Sleeping          |     1 |     1 |     1 |     4 |     8 |     4 ||    19
       Distracted        |     1 |       |     1 |     9 |     9 |    12 ||    32
       Confused          |       |       |     2 |     7 |    25 |     5 ||    39
       Paralysed         |       |       |       |       |    25 |    17 ||    42
  Eat: Chunk             |     4 |     6 |    10 |    18 |    49 |     7 ||    94
       Ration            |       |       |     2 |    10 |    13 |     7 ||    32
Armor: Skin              |    31 |    43 |    76 |   203 |   481 |   158 ||   992
Dodge: Dodged            |    69 |    56 |   153 |   478 |   962 |   325 ||  2043
Block: Buckler           |       |       |       |       |   549 |   162 ||   711
